 Dungeon Crawl Stone Soup version 0.18.1-48-g4cf74bf (webtiles) character file.

4243 Heedrag the Destroyer (level 10, -13/56 HPs)
             Began as a Deep Elf Conjurer on Aug 6, 2016.
             Was a Priest of Vehumet.
             Mangled by a manticore (19 damage)
             ... on level 10 of the Dungeon.
             The game lasted 00:21:37 (8739 turns).

Heedrag the Destroyer (Deep Elf Conjurer)           Turns: 8739, Time: 00:21:39

Health: -13/56     AC:  4    Str:  8    XL:     10   Next: 9%
Magic:  32/43      EV: 13    Int: 21    God:    Vehumet [***...]
Gold:   551        SH:  0    Dex: 15    Spells: 4 memorised, 15 levels left

rFire  . . .     SeeInvis .     Q - +2 dagger (venom)
rCold  . . .     Gourm    .     a - +0 robe
rNeg   . . .     Faith    .     (no shield)
rPois  .         Spirit   .     (no helmet)
rElec  +         Dismiss  .     s - +0 cloak
rCorr  .         Reflect  .     I - +0 pair of gloves
SustAt .         Harm     .     (no boots)
MR     +....     Clarity  +     (no amulet)
Stlth  ++........               D - ring of magical power
                                g - ring of magical power

@: somewhat resistant to hostile enchantments, unstealthy
A: talons 2, blurry vision 1, clarity, electricity resistance, no device heal 1,
subdued magic 2
a: Renounce Religion


You were on level 10 of the Dungeon.
You worshipped Vehumet.
Vehumet was most pleased with you.
You were not hungry.

You visited 2 branches of the dungeon, and saw 11 of its levels.
You also visited: Ossuary.

You collected 551 gold pieces.

Inventory:

Hand Weapons
 m - a +0 short sword
 G - a +2 mace of draining
 Q - a +2 dagger of venom (weapon)
Armour
 a - a +0 robe (worn)
 s - a +0 cloak (worn)
 I - a +0 pair of gloves (worn)
 S - a +0 helmet
Jewellery
 g - a ring of magical power (left hand)
 x - an uncursed ring of protection from cold
 y - an uncursed ring of resist corrosion
 A - a +3 ring of strength
 D - a ring of magical power (right hand)
Wands
 B - a wand of paralysis (12/24)
 F - a wand of slowing (16/48)
 H - a wand of random effects (22/48)
 P - a wand of teleportation (5/9)
 T - a wand of iceblast (6/15)
 U - a wand of random effects (24/48)
Scrolls
 d - 2 scrolls of magic mapping {unknown}
 e - 10 scrolls of identify
 l - 2 scrolls of blinking {unknown}
 n - 4 scrolls of remove curse
 o - a scroll of fear {unknown}
 q - a scroll of immolation {unknown}
 r - 3 scrolls of enchant weapon
 t - 3 scrolls of teleportation
 u - 2 scrolls of amnesia
 w - 2 scrolls of enchant armour {unknown}
 E - a scroll of fog {unknown}
 K - a scroll of recharging {unknown}
 L - a scroll of noise {unknown}
 N - 2 scrolls of torment {unknown}
 W - a scroll of brand weapon {unknown}
Potions
 h - 4 potions of curing
 i - a potion of heal wounds
 p - a potion of degeneration {unknown}
 v - 5 potions of magic {unknown}
 z - 2 potions of mutation {unknown}
 C - a potion of cure mutation {unknown}
 J - 2 potions of agility {unknown}
 M - 3 potions of flight {unknown}
 O - a potion of invisibility {unknown}
Books
 b - a book of Conjurations

   Spells                             Type                      Level
   a - Magic Dart                     Conjuration                  1
   b - Searing Ray                    Conjuration                  2
   c - Dazzling Spray                 Conjuration/Hexes            3
   d - Fulminant Prism                Conjuration/Hexes            4
   e - Iskenderun's Mystic Blast      Conjuration                  4
   f - Iskenderun's Battlesphere      Conjuration/Charms           5
 V - a Grand Grimoire

   Spells                             Type                      Level
   a - Monstrous Menagerie            Summoning                    7
   b - Summon Greater Demon           Summoning                    7
   c - Malign Gateway                 Summoning/Translocation      7
   d - Summon Horrible Things         Summoning                    8
Comestibles
 c - 9 bread rations
 f - a beef jerky
 j - 3 fruits
 k - 4 meat rations
 R - 7 chunks of flesh


   Skills:
 + Level 3.6 Fighting
 - Level 1.6 Armour
 + Level 2.8 Dodging
 - Level 2.4 Stealth
 + Level 9.5 Spellcasting
 * Level 11.6 Conjurations
 + Level 8.8 Charms


You had 15 spell levels left.
You knew the following spells:

 Your Spells              Type           Power        Failure   Level  Hunger
a - Magic Dart            Conj           ####         0%          1    None
b - Dazzling Spray        Conj/Hex       ###...       1%          3    None
c - Iskenderun's Mystic   Conj           #####...     1%          4    ##.....
d - Iskenderun's Battles  Conj/Chrm      ####....     1%          5    ####...


Dungeon Overview and Level Annotations

Branches:
Dungeon (10/15)            Temple (1/1) D:6            Lair (0/8) D:10
    Orc: D:9-12

Altars:
Ashenzari
Cheibriados
Dithmenos
Elyvilon
Fedhas
Gozag
Kikubaaqudgha
Makhleb
Nemelex Xobeh
Okawaru
Pakellas
Qazlal
Ru
Sif Muna
Trog
Vehumet
Xom
Yredelemnul
Zin
The Shining One


Innate Abilities, Weirdness & Mutations

You have razor-sharp toenails.
Scrolls take you a little longer to read.
You possess an exceptional clarity of mind.
You are resistant to electric shocks.
Potions and wands are less effective at restoring your health.
Your spells are easier to cast, but less powerful.


Message History

Yer battlesphere fires!
Tha barrage o' energy hits tha manticore.
Tha manticore be lightly wounded.
Tha manticore bites ye!
Tha manticore claws ye!
* * * LOW HITPOINT WARNIN'
* * * Tha manticore claws ye.
* * * LOW HITPOINT WARNIN'
* * * Castin': Magic Dart Confirm wit' . or Enter, or press ? or * ta list all spells.
Aimin': Iskenderun's Mestic Blast
Press: ? - help, Shift-Dir - straight line, f/p - manticore
Aim: a manticore (lightly wounded) Tha orb o' energy hits tha manticore.
Tha manticore be heavily wounded.
Tha orb o' energy 'splodes!
Yer battlesphere fires!
Tha barrage o' energy hits tha manticore.
Tha manticore be severely wounded.
Tha manticore bites ye!!
Ye die...

.. #. . #. #######..
# #. #........ #. #.
#........
.#.###.###@.%.....
........<..H......
........*.##..##..
?........#.# #.#
...#.#..#.###.#
###.# #.........
......#..#.####.###.
#...............
#.##.#.####..##.


You could see a manticore and a friendly battlesphere.

Vanquished Creatures
  A komodo dragon (D:10)
  A troll (D:9)
  A wyvern (D:10)
  A spriggan (D:7)
  Eustachio (D:4)
  A hippogriff (D:8)
  A water moccasin (D:7)
  2 ice beasts
  2 sky beasts
  A phantom (D:6)
  5 ogres
  2 centaurs
  4 giant frogs
  2 water moccasin zombies (Ossuary)
  A wyvern zombie (D:6)
  3 scorpions
  10 killer bees (D:9)
  A howler monkey (D:7)
  A wasp zombie (D:6)
  A crimson imp (D:6)
  7 hounds
  A quasit (D:9)
  3 jellies
  2 orc priests
  A centaur skeleton (D:8)
  3 iguanas
  Terence (D:3)
  4 worker ants
  An orc wizard (D:9)
  3 big kobold zombies (Ossuary)
  3 mummies
  A worker ant zombie (D:6)
  A howler monkey skeleton (D:7)
  7 adders
  4 shadow imps
  9 adder zombies
  2 adder skeletons
  2 worms (D:3)
  2 dart slugs
  The ghost of kak the Sneak, a weakling SpEn (Ossuary)
  6 giant geckos
  8 orcs
  5 bats
  6 giant cockroaches
  5 goblins
  4 hobgoblins
  4 jackals (D:1)
  2 quokkas
  A ball python (D:2)
  A giant gecko skeleton (D:6)
  9 giant newts
  2 gnoll zombies (Ossuary)
  6 hobgoblin zombies (Ossuary)
  8 kobolds
  4 kobold zombies (Ossuary)
  7 orc zombies (Ossuary)
  8 rats
186 creatures vanquished.

Vanquished Creatures (others)
  4 plants (D:10)
4 creatures vanquished.

Grand Total: 190 creatures vanquished

Notes
Turn   | Place    | Note
--------------------------------------------------------------
     0 | D:1      | Heedrag the Deep Elf Conjurer began the quest for the Orb.
     0 | D:1      | Reached XP level 1. HP: 10/10 MP: 6/6
   380 | D:1      | Reached XP level 2. HP: 15/15 MP: 5/8
   505 | D:1      | Reached skill level 5 in Conjurations
  1029 | D:2      | Found a stormy altar of Qazlal.
  1061 | D:2      | Reached XP level 3. HP: 19/19 MP: 6/9
  1417 | D:3      | Noticed Terence
  1425 | D:3      | Killed Terence
  1425 | D:3      | Reached XP level 4. HP: 24/24 MP: 2/11
  1531 | D:3      | Learned a level 3 spell: Dazzling Spray
  1562 | D:3      | Learned a level 4 spell: Iskenderun's Mystic Blast
  1762 | D:3      | Reached skill level 6 in Conjurations
  2217 | D:4      | Noticed an ogre
  2227 | D:4      | Killed an ogre
  2227 | D:4      | Reached XP level 5. HP: 12/28 MP: 2/14
  2346 | D:4      | Learned a level 5 spell: Iskenderun's Battlesphere
  2418 | D:4      | Found an iron altar of Okawaru.
  2659 | D:4      | Reached skill level 1 in Charms
  2671 | D:4      | Reached skill level 5 in Spellcasting
  2671 | D:4      | Reached skill level 7 in Conjurations
  2839 | D:4      | Reached XP level 6. HP: 32/32 MP: 13/15
  2921 | D:4      | Noticed Eustachio
  2938 | D:4      | Killed Eustachio
  3501 | D:5      | Entered Level 5 of the Dungeon
  3570 | D:5      | Reached XP level 7. HP: 36/36 MP: 17/17
  3575 | D:5      | Reached skill level 8 in Conjurations
  4224 | D:6      | Found a staircase to the Ecumenical Temple.
  4262 | Temple   | Entered the Ecumenical Temple
  4352 | Temple   | Became a worshipper of Vehumet
  4639 | D:6      | Found a snail-covered altar of Cheibriados.
  4708 | D:6      | Reached skill level 5 in Charms
  4796 | D:6      | Reached XP level 8. HP: 29/41 MP: 20/20
  4801 | D:6      | Reached skill level 9 in Conjurations
  5618 | D:7      | Reached skill level 1 in Fighting
  5854 | D:7      | Reached * piety under Vehumet
  5854 | D:7      | Offered knowledge of Freeze by Vehumet.
  5854 | D:7      | Reached skill level 10 in Conjurations
  6501 | D:8      | Found a sand-covered staircase.
  6507 | Ossuary  | Entered an ossuary
  6606 | Ossuary  | Noticed kak's ghost (weakling SpEn)
  6607 | Ossuary  | Killed kak's ghost
  6633 | Ossuary  | Reached XP level 9. HP: 24/48 MP: 12/23
  6850 | Ossuary  | Reached ** piety under Vehumet
  7115 | Ossuary  | Offered knowledge of Shock by Vehumet.
  7327 | D:8      | Gained mutation: Your spells are a little easier to cast, but a little less powerful. [mutagenic meat]
  7328 | D:8      | Gained mutation: Scrolls take you a little longer to read. [mutagenic meat]
  7329 | D:8      | Gained mutation: You have sharp toenails. [mutagenic meat]
  7330 | D:8      | Gained mutation: You possess an exceptional clarity of mind. [mutagenic meat]
  7331 | D:8      | Gained mutation: Your spells are easier to cast, but less powerful. [mutagenic meat]
  7758 | D:9      | Found a glowing golden altar of the Shining One.
  7799 | D:9      | Noticed a troll
  7805 | D:9      | Killed a troll
  7805 | D:9      | Reached skill level 11 in Conjurations
  7872 | D:9      | Offered knowledge of Static Discharge by Vehumet.
  8229 | D:9      | Reached skill level 1 in Armour
  8236 | D:9      | Reached *** piety under Vehumet
  8572 | D:10     | Entered Level 10 of the Dungeon
  8632 | D:10     | Gained mutation: Potions and wands are less effective at restoring your health. [mutagenic meat]
  8633 | D:10     | Gained mutation: You have a pair of small antennae on your head. [mutagenic meat]
  8634 | D:10     | Lost mutation: You have a pair of small antennae on your head. [mutagenic meat]
  8635 | D:10     | Gained mutation: You are resistant to electric shocks. [mutagenic meat]
  8636 | D:10     | Gained mutation: You have razor-sharp toenails. [mutagenic meat]
  8640 | D:10     | Found a staircase to the Lair.
  8640 | D:10     | Noticed a komodo dragon
  8679 | D:10     | Killed a komodo dragon
  8679 | D:10     | Reached XP level 10. HP: 56/56 MP: 25/25
  8734 | D:10     | Noticed a manticore
  8739 | D:10     | Mangled by a manticore

Skill      XL: |  1  2  3  4  5  6  7  8  9 |
---------------+----------------------------+-----
Conjurations   | 5 6 7 8 10 11 | 11.6
Spellcasting   | 4 5 6 8 9 |  9.5
Charms         | 1 3 5 6 8 |  8.8
Fighting       | 2 3 |  3.6
Armour         | 1 |  1.6
Dodging        | |  2.8
Stealth        | |  2.4

Action                   |  1- 3 |  4- 6 |  7- 9 | 10-12 || total
-------------------------+-------+-------+-------+-------++-------
Melee: Unarmed           |    12 |       |       |       ||    12
       Short sword       |       |     6 |     3 |       ||     9
       Mace              |       |       |     1 |       ||     1
 Cast: Magic Dart        |    70 |   103 |   328 |     7 ||   508
       Dazzling Spray    |       |    20 |     6 |       ||    26
       Iskenderun's Batt |       |       |    38 |     2 ||    40
       Iskenderun's Myst |       |       |     3 |     1 ||     4
  Use: Scroll            |       |       |     5 |       ||     5
       Potion            |       |       |     1 |       ||     1
  Eat: Chunk             |     1 |     8 |    32 |     1 ||    42
       Pizza             |       |       |     3 |       ||     3
       Fruit             |       |       |     1 |       ||     1
Armor: Robe              |     3 |     4 |    18 |       ||    25
Dodge: Dodged            |    13 |    25 |    83 |     2 ||   123
